 Dungeon Crawl Stone Soup version 0.29.1-13-g9f3cf754e1 (webtiles) character file.

Game seed: 16569940344674076873

120 zeram the Covered (level 5, -1/33 HPs)
             Began as a Gargoyle Fighter on Jan 23, 2023.
             Slain by a black bear (9 damage)
             ... on level 4 of the Dungeon.
             The game lasted 00:02:53 (2756 turns).

zeram the Covered (Gargoyle Fighter)                Turns: 2756, Time: 00:02:54

Health: -1/33      AC: 12    Str: 21    XL:     5   Next: 4%
Magic:  5/5        EV:  9    Int:  9    God:
Gold:   125        SH:  4    Dex:  9    Spells: 4/4 levels left

rFire   . . .      SeeInvis .   a - +1 flail (venom)
rCold   . . .      Faith    .   c - +0 buckler
rNeg    + . .      Spirit   .   b - +0 scale mail
rPois   ∞          Reflect  .   l - +0 helmet
rElec   +          Harm     .   (no cloak)
rCorr   .          Rampage  .   (no gloves)
Will    .....                   (no boots)
Stlth   ..........              (no amulet)
HPRegen 0.11/turn               (no ring)
MPRegen 0.09/turn               (no ring)

@: no status effects
A: sickness immunity, AC +4, negative energy resistance 1, electricity
resistance, torment resistance 1, petrification resistance
a: no special abilities


You were on level 4 of the Dungeon.
You visited 1 branch of the dungeon, and saw 4 of its levels.

You collected 125 gold pieces.

Inventory:

Hand Weapons
 a - a +1 flail of venom (weapon)
Armour
 b - a +0 scale mail (worn)
 c - a +0 buckler (worn)
 l - a +0 helmet (worn)
Wands
 k - a wand of digging (5)
 p - a wand of charming (3)
Scrolls
 e - a scroll of magic mapping
 j - 3 scrolls of teleportation
 m - 2 scrolls of noise
 n - a scroll of identify
Potions
 d - a potion of might
 f - 2 potions of mutation {unknown}
 g - a potion of heal wounds {unknown}
 h - a potion of curing {unknown}
 i - a potion of ambrosia {unknown}
 o - 2 potions of lignification
 q - a potion of haste {unknown}


   Skills:
 + Level 3.7 Fighting
 + Level 3.3 Maces & Flails
 + Level 4.1 Armour
 + Level 0.8 Dodging
 + Level 4.0 Shields


You had 4 spell levels left.
You didn't know any spells.
Your spell library was empty.

Dungeon Overview and Level Annotations

Branches:
Dungeon (4/15)
 Temple: D:4-7

Altars:


Innate Abilities, Weirdness & Mutations

You are immune to sickness and miasma.
Your stone body is resilient. (AC +4)
You are immune to poison.
You resist negative energy. (rN+)
You are resistant to electric shocks. (rElec)
You are resistant to unholy torment.
You are immune to petrification.


Message History

No target in view!
No target in view!
No target in view!
No target in view!
h - a bubbling golden potion
Found a stone staircase leading down.
A black bear comes into view.
A black bear is nearby!
A black bear is nearby!
A black bear is nearby!
A giant cockroach comes into view.
You thump the black bear!
The black bear is poisoned.
The black bear is heavily wounded.
The black bear misses you.
The black bear claws you but does no damage. x2
You sock the black bear!
The black bear looks as sick as possible!
The black bear is severely wounded.
The black bear goes berserk!
You barely miss the black bear.
The black bear is almost dead.
The black bear barely misses you.
The black bear claws you but does no damage.
The black bear claws you.
The black bear bites you but does no damage.
The black bear claws you.
The black bear claws you but does no damage.
You closely miss the black bear.
The black bear is almost dead.
The black bear bites you. The black bear claws you. x2
The black bear bites you! The black bear claws you.
* * * LOW HITPOINT WARNING * * *
You block the black bear's attack.
The giant cockroach bites you but does no damage.
The black bear attacks as you move away!
The black bear bites you but does no damage.
The black bear barely misses you.
The black bear claws you but does no damage.
The black bear bites you!
You die...

#. #.#########
#.#.......
#>......#
#.......#
#.......#####
#....B.......
#...@h.......
###.#........
#######
#.##.......
######.....###.#
.......
#....'.......#.#
#...##.
#.####.....#.#.#
##.#
#.#<.........#.#
.#
#.############.###
#
#......[.........#


You could see a black bear (berserk, very poisoned) and a giant cockroach.

Vanquished Creatures
  Terence (D:3)
  Jessica (D:3)
  An adder (D:3)
  3 worms (D:2)
  A dart slug (D:3)
  3 orcs (D:3)
  4 ball pythons
  8 bats
  4 endoplasms
  3 giant cockroaches (D:2)
  2 hobgoblins
  3 kobolds
  A quokka (D:1)
  3 frilled lizards (D:2)
  2 goblins (D:2)
  7 rats
47 creatures vanquished.

Notes
Turn   | Place    | Note
-------+----------+-------------------------------------------
     0 | D:1      | zeram the Gargoyle Fighter began the quest for the Orb.
     0 | D:1      | Reached XP level 1. HP: 14/14 MP: 1/1
   196 | D:1      | Reached XP level 2. HP: 17/19 MP: 2/2
   409 | D:1      | You fall into a shaft and drop 1 floor!
   620 | D:2      | Reached XP level 3. HP: 11/23 MP: 3/3
  1894 | D:3      | Noticed Jessica
  1907 | D:3      | Killed Jessica
  1908 | D:3      | Reached XP level 4. HP: 17/28 MP: 4/4
  2468 | D:3      | Noticed Terence
  2480 | D:3      | Killed Terence
  2481 | D:3      | Reached XP level 5. HP: 24/33 MP: 5/5
  2749 | D:4      | Noticed a black bear
  2756 | D:4      | Slain by a black bear

Illustrated notes

Levels and vault maps discovered:
D:1:      spicycebolla_arrival_xxxplode, layout_basic,
          hellmonk_ecumenical_altar_arch_garden
D:2:      layout_basic
D:3:      layout_basic, uniq_jessica, uniq_terence
D:4:      layout_basic, xom_confusion_cloud,
          beargit_hepliaklqana_dungeon_heroes, minmay_temple_entry_trees,
          due_unseen_surprise

Skill      XL: |  1  2  3  4 |
---------------+-------------+-----
Armour         | 4 |  4.1
Maces & Flails | 3 |  3.3
Shields        | 4 |  4.0
Fighting       | |  3.7
Dodging        | |  0.8

Action                   |  1- 3 |  4- 6 || total
-------------------------+-------+-------++-------
Melee: Flail             |   112 |    36 ||   148
  Use: Scroll            |       |     8 ||     8
Armor: Scale mail        |    58 |    37 ||    95
Dodge: Dodged            |    55 |    19 ||    74
Block: Buckler           |    37 |     8 ||    45
